 Dungeon Crawl Stone Soup version 0.30.0-30-g96aa6591b8 (webtiles) character file.

Game seed: 6681320552897825654

3121 cdecastro the Fighter (level 9, -1/98 HPs)
             Began as a Troll Fighter on June 29, 2023.
             Was a Believer of Wu Jian.
             Slain by a kobold brigand
             ... wielding a +0 war axe
              (14 damage)
             ... in a bailey.
             The game lasted 00:13:08 (6027 turns).

cdecastro the Fighter (Troll Fighter)               Turns: 6027, Time: 00:13:09

Health: -1/98      AC:  5    Str: 26    XL:     9   Next: 60%
Magic:  8/8        EV:  9    Int:  4    God:    Wu Jian [**....]
Gold:   97         SH:  8    Dex: 13    Spells: 8/8 levels left

rFire   . .          .
                       - Unarmed
rCold   . . .        b - +0 kite shield
rNeg    . . .        a - +0 robe
rPois   .            (helmet restricted)
rElec   .            x - +0 cloak
rCorr   .            (gloves unavailable)
SInv    .            (boots unavailable)
Will    .....        (no amulet)
Stlth   +            (no ring)
HPRegen 1.16/turn    (no ring)
MPRegen 0.11/turn

%: no passive effects
@: no status effects
A: large, unfitting armour, claws 3, regeneration 1, shaggy fur 1, tough skin 1
a: Renounce Religion, Wall Jump


You were in a bailey.
You worshipped Wu Jian.
Wu Jian was pleased with you.
You visited 2 branches of the dungeon, and saw 9 of its levels.
You also visited: Bailey.

You collected 332 gold pieces.
You spent 235 gold pieces at shops.

Inventory:

Missiles
 k - 3 throwing nets
 r - 21 boomerangs (quivered)
 B - 5 javelins
 C - 2 curare-tipped darts
 F - 7 datura-tipped darts
 I - 10 poisoned darts
Armour
 a - a +0 robe (worn)
 b - a +0 kite shield (worn)
 x - a +0 cloak (worn)
Jewellery
 u - a ring of protection from cold
 z - an amulet of magic regeneration
 K - a ring of ice
Wands
 p - a wand of quicksilver (15)
 t - a wand of charming (15)
 D - a wand of flame (32)
 M - a wand of polymorph (12)
Scrolls
 e - 3 scrolls of fog {unknown}
 f - 2 scrolls of vulnerability {unknown}
 i - 3 scrolls of noise {unknown}
 j - a scroll of blinking {unknown}
 l - a scroll of enchant armour {unknown}
 o - 2 scrolls of enchant weapon {unknown}
 q - a scroll of fear {unknown}
 v - a scroll of magic mapping {unknown}
 y - 7 scrolls of teleportation
 J - a scroll of immolation {unknown}
 N - a scroll of amnesia {unknown}
Potions
 c - a potion of might
 d - 5 potions of flight
 g - 3 potions of heal wounds
 h - 4 potions of attraction
 m - 3 potions of lignification
 n - a potion of haste
 s - 3 potions of mutation
 w - a potion of berserk rage {unknown}
 A - 3 potions of curing
 E - a potion of magic
 G - a potion of ambrosia
 H - a potion of brilliance
Miscellaneous
 L - a phantom mirror


   Skills:
 - Level 9.2 Fighting
 * Level 2.8 Throwing
 - Level 2.4 Dodging
 - Level 2.6 Shields
 + Level 8.1 Unarmed Combat


You had 8 spell levels left.
You didn't know any spells.
Your spell library contained the following spells:

 Spells                   Type           Power      Damage    Failure   Level
 Magic Dart               Conj           0%         1d3       77%         1
 Poisonous Vapours        Pois/Air       0%         N/A       88%         2
 Searing Ray              Conj           0%         2d4       88%         2
 Mephitic Cloud           Conj/Pois/Air  0%         N/A       98%         3
 Fulminant Prism          Conj/Hex       0%         3d5       100%        4
 Freezing Cloud           Conj/Ice/Air   0%         6-21      100%        5


Dungeon Overview and Level Annotations

Branches:
Dungeon (8/15)             Temple (1/1) D:7          Bailey (1/1)
   Lair: D:8-11

Altars:
Cheibriados
Dithmenos
Elyvilon
Fedhas
Nemelex Xobeh
Okawaru
Qazlal
Ru
Trog
Uskayaw
Wu Jian
Xom
Zin
The Shining One

Shops:
D:5 :   D:6 =?*[   D:8 :


Innate Abilities, Weirdness & Mutations

You are too large for most types of armour.
You have claws for hands.
Your natural rate of healing is unusually fast.
You are covered in fur. (AC +1)
You have tough skin. (AC +1)


Message History

You mangle the kobold brigand!!
The kobold brigand is severely wounded.
You block the kobold brigand's attack. The kobold brigand closely misses you.
You mangle the kobold brigand!!
You kill the kobold brigand!
The Council accepts your kill.
Your Unarmed Combat skill increases to level 8!
You scratch the kobold brigand.
The kobold brigand is almost dead.
The kobold brigand barely misses you.
You claw the kobold brigand!
You kill the kobold brigand!
The Council accepts your kill.
The orc warrior hits you with a +0 war axe!
An orc warrior comes into view.
It is wielding a +0 war axe and quivering datura-tipped darts.
You spin and attack the orc warrior.
You claw the orc warrior!
The orc warrior is moderately wounded.
The orc warrior hits you with a +0 war axe!
Items here: (( )) †.
You barely miss the orc warrior.
The orc warrior is moderately wounded.
Found a scroll of teleportation, a phial of floods and 217 gold pieces.
You lunge at the orc warrior.
You closely miss the orc warrior.
You spin and attack the orc warrior.
You scratch the orc warrior but do no damage.
The orc warrior is moderately wounded.
You block the orc warrior's attack.
The orc warrior hits you with a +0 war axe!
* * * LOW HITPOINT WARNING * * *
The kobold brigand hits you with a +0 war axe!
* * * LOW HITPOINT WARNING * * *
You block the orc warrior's attack.
There is an open door, spattered with blood here.
You barely miss the orc warrior.
The orc warrior is moderately wounded.
You block the orc warrior's attack.
The orc warrior hits you with a +0 war axe!
* * * LOW HITPOINT WARNING * * *
The kobold brigand hits you with a +0 war axe!
You die... ###.$}...?..### #.............# ............... ............... ........... ....... #ooK#

###@### ##.o)..##
#...8...#
#∩)....∩#
##.....##
####'''####
#~.......~##
#~~.......~~#####
..~~.......~~....#


You could see 3 orc warriors and a kobold brigand.

Vanquished Creatures
  Prince Ribbit (D:5)
  Grinder (D:5)
  Eustachio (D:4)
  Edmund (D:5)
  A water moccasin (D:7)
  Duvessa (D:5)
  3 sky beasts
  An ice beast (D:7)
  An orc warrior (Bailey)
  3 black bears
  A centaur (D:6)
  5 kobold brigands (Bailey)
  Blork the orc (D:4)
  5 scorpions
  Dowan (D:5)
  A howler monkey (D:4)
  2 hounds
  Crazy Yiuf (D:7)
  2 orc priests (D:6)
  A sleepcap (D:6)
  2 jellies
  A gnoll bouda (D:7)
  2 iguanas
  4 orc wizards
  5 gnolls (D:7)
  4 adders
  3 shadow imps
  2 white imps
  2 ufetubi (D:4)
  A worm (D:2)
  3 dart slugs (D:2)
  17 orcs
  8 ball pythons
  7 bats
  6 endoplasms
  12 goblins
  2 hobgoblins
  5 jackals
  7 quokkas
  2 frilled lizards (D:1)
  16 kobolds
  5 rats
150 creatures vanquished.

Notes
Turn   | Place    | Note
-------+----------+-------------------------------------------
     0 | D:1      | cdecastro the Troll Fighter began the quest for the Orb.
     0 | D:1      | Reached XP level 1. HP: 22/22 MP: 0/0
   310 | D:1      | Reached XP level 2. HP: 29/29 MP: 1/1
   773 | D:2      | Reached skill level 3 in Fighting
   859 | D:2      | Reached XP level 3. HP: 37/37 MP: 2/2
   943 | D:2      | Found a faded altar of an unknown god.
  1431 | D:3      | Reached XP level 4. HP: 37/48 MP: 3/3
  1824 | D:3      | You fall into a shaft and drop 1 floor!
  1824 | D:4      | Found a stormy altar of Qazlal.
  1824 | D:4      | Found a white marble altar of Elyvilon.
  1824 | D:4      | Found an ornate altar of the Wu Jian Council.
  1844 | D:4      | Became a worshipper of the Wu Jian Council
  1856 | D:5      | Entered Level 5 of the Dungeon
  1857 | D:5      | Noticed Prince Ribbit
  1944 | D:5      | Killed Prince Ribbit
  1945 | D:5      | Reached skill level 4 in Fighting
  1945 | D:5      | Reached XP level 5. HP: 23/55 MP: 4/4
  1945 | D:5      | Reached XP level 6. HP: 27/65 MP: 5/5
  2147 | D:5      | Reached skill level 5 in Fighting
  2159 | D:4      | Noticed Blork the orc
  2165 | D:4      | Noticed Eustachio
  2196 | D:4      | Killed Blork the orc
  2245 | D:4      | Killed Eustachio
  2246 | D:4      | Reached XP level 7. HP: 26/74 MP: 6/6
  2801 | D:4      | Reached skill level 6 in Fighting
  2837 | D:4      | Reached * piety under Wu Jian
  2838 | D:4      | Reached skill level 5 in Unarmed Combat
  2891 | D:5      | Noticed Grinder
  2916 | D:5      | Paralysed by Grinder for 5 turns
  2924 | D:5      | Killed Grinder
  3057 | D:5      | Found Ofidyrgh's Book Shoppe.
  3080 | D:5      | Reached XP level 8. HP: 43/84 MP: 7/7
  3121 | D:5      | Noticed Duvessa
  3139 | D:5      | Killed Duvessa
  3140 | D:5      | Reached skill level 7 in Fighting
  3339 | D:5      | Noticed Dowan
  3356 | D:5      | Killed Dowan
  3432 | D:5      | Noticed Edmund
  3457 | D:5      | Killed Edmund
  3555 | D:6      | Found Roriurusm's Jewellery Shoppe.
  3634 | D:6      | Found Yptetuw's General Store.
  3644 | D:6      | Bought a potion of ambrosia for 120 gold pieces
  3644 | D:6      | Bought a potion of flight for 45 gold pieces
  3805 | D:6      | Reached skill level 8 in Fighting
  3842 | D:6      | Found a sparkling altar of Nemelex Xobeh.
  3952 | D:6      | Found Xeptoel's Armour Emporium.
  4445 | D:6      | Found Doexzud's Magic Scroll Boutique.
  4450 | D:6      | Bought a scroll of teleportation for 42 gold pieces
  4450 | D:6      | Bought a scroll of identify for 28 gold pieces
  4554 | D:7      | Reached ** piety under Wu Jian
  4573 | D:7      | Reached XP level 9. HP: 87/97 MP: 8/8
  4754 | D:7      | Found a blossoming altar of Fedhas.
  5038 | D:7      | Found a runed translucent door.
  5039 | D:7      | Noticed Crazy Yiuf
  5046 | D:7      | Killed Crazy Yiuf
  5105 | D:7      | Found a staircase to the Ecumenical Temple.
  5127 | Temple   | Entered the Ecumenical Temple
  5237 | D:7      | Reached skill level 9 in Fighting
  5657 | D:8      | Found Ruc Fag's Book Shoppe.
  5841 | D:8      | Found a flagged portal.
  5871 | Bailey   | Entered a bailey
  5919 | Bailey   | Reached skill level 1 in Throwing
  6027 | Bailey   | Slain by a kobold brigand

Illustrated notes

Levels and vault maps discovered:
D:1:      beargit_arrival_greenhouse, layout_basic, grunt_decor_arrowhead
D:2:      layout_basic, hellmonk_ecumenical_altar_zigzags
D:3:      layout_loops_ring
D:4:      minmay_diamond_boxcup, layout_rooms, nicolae_overflow_hidden_temple,
          minmay_distorted, uniq_eustachio, uniq_blork_the_orc
D:5:      layout_rooms, serial_shops, nicolae_shop_tiny_real_fake_doors,
          uniq_duvessa, uniq_grinder, uniq_edmund, uniq_prince_ribbit1
D:6:      layout_basic, nemelex_diamond_rough_becter, serial_shops,
          nicolae_lakefront_shop, nicolae_shop_hallway_plus,
          kennysheep_mini_moat, shop
D:7:      layout_loops_corners, fedhas_altar_1, minmay_temple_entry_nine_rooms,
          st_stairs_9, uniq_crazy_yiuf_cottage
D:8:      layout_rooms, grunt_temple_overflow_octagram, tgw_sif, enter_bailey_5,
          serial_shops, nicolae_shop_stone
Temple:   nicolae_temple_cloud_nine
Bailey:   bailey_axe_3, bailey

Skill      XL: |  1  2  3  4  5  6  7  8  9 |
---------------+----------------------------+-----
Fighting       | 3 4 5 6 8 9 |  9.2
Unarmed Combat | 3 4 5 7 8 |  8.1
Throwing       | 2 |  2.8
Dodging        | |  2.4
Shields        | |  2.6

Action                     |  1- 3 |  4- 6 |  7- 9 || total
---------------------------+-------+-------+-------++-------
  Melee: Unarmed           |   132 |    98 |   291 ||   521
  Throw: Boomerang         |       |     2 |       ||     2
Ability: Lunge             |       |     3 |    13 ||    16
         Whirlwind         |       |       |    10 ||    10
    Use: Scroll            |       |       |     9 ||     9
   Stab: Sleeping          |     2 |     1 |       ||     3
 Armour: Robe              |    44 |    50 |    52 ||   146
  Dodge: Dodged            |    31 |    52 |    81 ||   164
  Block: Kite shield       |    46 |    65 |   102 ||   213
